 Dungeon Crawl Stone Soup version 0.32-a0-799-g95e1662365 (webtiles) character file.

Game seed: 4622078758708350538

65 backslashecho the Insei (level 3, 0/28 HPs)
             Began as a Demigod Shapeshifter on Mar 22, 2024.
             Slain by a yak (17 damage)
             ... on level 4 of the Dungeon.
             The game lasted 00:03:18 (2786 turns).

backslashecho the Insei (Demigod Shapeshifter)      Turns: 2786, Time: 00:03:18

Health: 0/28       AC:  2    Str: 15    XL:     3   Next: 66%
Magic:  5/5        EV: 11    Int: 12    God:
Gold:   56         SH:  0    Dex: 17    Spells: 2/2 levels left

rFire   . .          .
                       - Unarmed
rCold   . . .        (no shield)
rNeg    . . .        a - +0 animal skin
rPois   .            (helmet currently unavailable)
rElec   .            (cloak currently unavailable)
rCorr   .            (gloves currently unavailable)
SInv    .            (boots currently unavailable)
Will    .....        (no amulet)
Stlth   ++           (no ring)
HPRegen 0.24/turn    (no ring)
MPRegen 0.09/turn

%: no passive effects
@: beast-form
A: beast (slay +1), high MP 1, forlorn, divine attributes
a: Begin Untransformation


You were on level 4 of the Dungeon.
You were a hulking beast.
You visited 2 branches of the dungeon, and saw 5 of its levels.

You collected 56 gold pieces.

Inventory:

Missiles
 g - 2 poisoned darts (quivered)
Armour
 a - a +0 animal skin (worn)
 k - a +0 pair of gloves
 q - a +0 pair of boots
Jewellery
 m - the ring "Lah Woup" {Ice rElec Int+2 Dex-2}
   (You found it on level 2 of the Dungeon)

   [ring of ice]

   Ice:       It enhances your ice magic.
   Int+2:     It affects your intelligence (+2).
   Dex-2:     It affects your dexterity (-2).
   rF-:       It makes you vulnerable to fire.
   rC+:       It protects you from cold.
   rElec:     It insulates you from electricity.
Talismans
 c - a beast talisman (active)
 d - a flux talisman
 n - a maw talisman
Scrolls
 b - a scroll of torment {unknown}
 e - 2 scrolls of fog {unknown}
 h - a scroll of enchant armour {unknown}
 i - a scroll of teleportation {unknown}
 j - a scroll of acquirement {unknown}
 l - a scroll of fear {unknown}
 o - 2 scrolls of identify
Potions
 f - a potion of enlightenment
 p - 2 potions of magic


   Skills:
 + Level 1.6 Fighting
 + Level 2.3 Dodging
 * Level 3.5 Unarmed Combat
 + Level 3.0 Shapeshifting


You had 2 spell levels left.
You didn't know any spells.
Your spell library was empty.

Dungeon Overview and Level Annotations

Branches:
Dungeon (4/15)             Temple (1/1) D:4


Innate Abilities, Weirdness & Mutations

You are a hulking beast.
Your limbs bulge with bestial killing power. (Slay +1)
You have an increased reservoir of magic. (+10% MP)
You shall have no god before yourself.
Your divine heritage dramatically boosts your attributes as you level up.


Message History

You hit the endoplasm.
The endoplasm is severely wounded.
The endoplasm closely misses you.
You hit the endoplasm.
You kill the endoplasm!
No target in view!
You see here 8 stones.
You now have 56 gold pieces (gained 8).
You open the door.
There is an open door here.
There is an open door here.
Things that are here:
a +0 club; a +0 leather armour
e - 2 scrolls labelled ZUOLIUKUTO (gained 1)
o - 2 scrolls of identify
q - a +0 pair of boots You see here a +2 chain mail of poison resistance.
Found a stone staircase leading down.
Health restored: 28
There is a stone staircase leading down here.
A kobold comes into view. It is wielding a +0 short sword.
A kobold is nearby!
The kobold shouts!
You hit the kobold.
The kobold is moderately wounded.
The kobold hits you but does no damage.
You barely miss the kobold.
The kobold is moderately wounded.
The kobold hits you with a +0 short sword.
You take 4 damage, and have 24/28 hp.
You closely miss the kobold.
The kobold hits you with a +0 short sword.
You take 3 damage, and have 21/28 hp.
You hit the kobold.
The kobold is moderately wounded.
The kobold closely misses you.
You hit the kobold.
You kill the kobold!
No target in view!
Things that are here:
a +0 short sword; a kobold corpse
Things that are here:
a +0 short sword; a kobold corpse You see here a staff of earth.
A bat comes into view.
Health restored: 28 A bat is nearby!
The bat completely misses you. The bat barely misses you.
You hit the bat.
You kill the bat!
No target in view!
You open the door.
There is an open door here.
You open the door.
There is an open door here.
You open the gate.
Found 8 stones.
Found a hazy altar of Hepliaklqana.
There is an open gate here.
There is an open gate here.
A rat comes into view.
A rat is nearby!
You hit the rat.
You kill the rat!
No target in view!
You see here a rat corpse.
No target in view!
No target in view!
You see here a frilled lizard skeleton.
There is a stone staircase leading up here.
Things that are here:
a +0 club; a +0 leather armour Done exploring.
Done exploring.
No target in view!
There is a stone staircase leading down here.
You climb downwards.
Found a staircase to the Ecumenical Temple.
There is a stone staircase leading up here. 2 yaks come into view.
The yak bellows!
A yak comes into view.
A yak comes into view. x2
A yak comes into view.
The yak bellows!
You hear a bellow!
The yak bellows! x2
There is a staircase to the Ecumenical Temple here.
You climb downwards.
Welcome to the Ecumenical Temple!
Found eight altars.
Found a staircase back to the Dungeon.
There is a staircase back to the Dungeon here.
You climb upwards.
Welcome back to the Dungeon!
The yak gores you!
There is a staircase to the Ecumenical Temple here.
You take 7 damage, and have 21/28 hp.
MASSIVE DAMAGE!!
You can't go up here!
An iguana comes into view.
The yak attacks as it pursues you! The yak closely misses you.
The yak gores you.
You take 5 damage, and have 16/28 hp.
The yak attacks as it pursues you! The yak misses you.
The yak attacks as it pursues you! The yak gores you!
Ouch! That really hurt!
You die...

## ...########
.............##
...............
.............#
.............##
....##...##..<#
....##...##h.##
....Y.Y...Y..##
.......>.Y....##
.........Y.....#
....##...##....#
....##...##.......
...............#..
#....######........
#..## ##.......


You could see 5 yaks.

Vanquished Creatures
  An adder (D:3)
  2 dart slugs (D:1)
  2 ribbon worms
  An orc (D:3)
  4 ball pythons
  4 bats
  5 endoplasms
  5 hobgoblins
  3 jackals (D:1)
  2 quokkas
  3 frilled lizards
  5 goblins
  3 kobolds
  3 rats
43 creatures vanquished.

Notes
Turn   | Place    | Note
-------+----------+-------------------------------------------
     0 | D:1      | backslashecho the Demigod Shapeshifter began the quest for
                  | the Orb.
     0 | D:1      | Reached XP level 1. HP: 15/15 MP: 3/3
    92 | D:1      | Reached skill level 1 in Fighting
   216 | D:1      | Reached XP level 2. HP: 14/23 MP: 4/4
  1288 | D:2      | Reached XP level 3. HP: 15/28 MP: 5/5
  1558 | D:2      | Identified the ring "Lah Woup" {Ice rElec Int+2 Dex-2}
  2772 | D:4      | Found a staircase to the Ecumenical Temple.
  2776 | D:4      | Noticed a yak
  2776 | D:4      | Noticed a yak
  2776 | D:4      | Noticed a yak
  2777 | D:4      | Noticed a yak
  2777 | D:4      | Noticed a yak
  2778 | D:4      | Noticed a yak
  2780 | Temple   | Entered the Ecumenical Temple
  2786 | D:4      | Slain by a yak

Illustrated notes

Levels and vault maps discovered:
D:1:      spicycebolla_arrival_risky_transporter, layout_basic,
          serial_bayou_pond_d
D:2:      layout_rooms
D:3:      layout_loops_corners, mainiacjoe_overflow_alcove_4,
          dreamdust_ecumenical_altar_hidden_monk_grotto
D:4:      layout_basic, kennysheep_okawaru_gauntlet, kennysheep_mini_moat,
          minmay_temple_entry_stoned_glass
Temple:   hellmonk_temple_micro_hex

Skill      XL: |  1  2  3 |
---------------+----------+-----
Fighting       | 1 |  1.6
Dodging        | 2 |  2.3
Unarmed Combat | 3 |  3.5
Shapeshifting  | 3 |  3.0

Action                     || total
---------------------------++-------
  Melee: Unarmed           ||   145
         Punch             ||     2
    Use: Potion            ||     1
         Scroll            ||     2
   Stab: Sleeping          ||     3
 Armour: Animal skin       ||    70
         Skin              ||    18
  Dodge: Dodged            ||    80

Table legend: (Time is in decaauts)
 A = Elapsed time spent in this place.
 B = Non-inter-level travel time spent in this place.
 C = Inter-level travel time spent in this place.
 D = Time resting spent in this place.
 E = Time spent auto-exploring this place.
 F = Levels seen in this place.
 G = Mean time per level.
                   A        B        C        D        E       F      G
               +--------+--------+--------+--------+--------+-----+--------+
         Total |   2781 |   2566 |    215 |    153 |   1999 |   5 |  556.2 |
       Dungeon |   2779 |   2564 |    215 |    153 |   1999 |   4 |  694.8 |
        Temple |      1 |      1 |      0 |      0 |      0 |   1 |    1.0 |
               +--------+--------+--------+--------+--------+-----+--------+

Top non-repeatable levels by time:
     D:3: 1138 daAuts
     D:1: 1126 daAuts
     D:2: 502 daAuts
     D:4: 12 daAuts
  Temple: 1 daAuts
